 Dungeon Crawl Stone Soup version 0.30.1-9-gdf580d7c3d (webtiles) character file.

Game seed: 10565348249514546036

8 Chiseanne the Slasher (level 2, 21/21 HPs)
             Began as a Demonspawn Wanderer on Oct 15, 2023.
             Quit the game on level 1 of the Dungeon.
             The game lasted 00:00:20 (155 turns).

Chiseanne the Slasher (Demonspawn Wanderer)          Turns: 155, Time: 00:00:20

Health: 21/21      AC:  2    Str: 10    XL:     2   Next: 0%
Magic:  3/3        EV: 12    Int: 10    God:
Gold:   0          SH:  0    Dex: 17    Spells: 2/3 levels left

rFire   . . .        a - +2 falchion
rCold   . . .        (no shield)
rNeg    . . .        e - +0 robe
rPois   .            (no helmet)
rElec   .            (no cloak)
rCorr   .            (no gloves)
SInv    .            (no boots)
Will    .....        (no amulet)
Stlth   ++           (no ring)
HPRegen 0.23/turn    (no ring)
MPRegen 0.08/turn

%: no passive effects
@: no status effects
A: demonic touch 1
a: no special abilities


You were on level 1 of the Dungeon.
You visited 1 branch of the dungeon, and saw 1 of its levels.

Inventory:

Hand Weapons
 a - a +2 falchion (weapon)
 c - a +0 dagger
Missiles
 b - 6 boomerangs (quivered)
 g - 3 stones
Armour
 e - a +0 robe (worn)
Scrolls
 f - a scroll of teleportation {unknown}
 h - a scroll of noise {unknown}
Potions
 d - a potion of curing


   Skills:
 * Level 1.0 Fighting
 - Level 4.5 Long Blades
 - Level 1.0 Throwing
 * Level 1.5 Dodging
 - Level 1.0 Spellcasting
 - Level 2.0 Summonings


You had 2 spell levels left.
You knew the following spells:

 Your Spells              Type           Power      Damage    Failure   Level
a - Summon Small Mammal   Summ           16%        N/A       16%         1

Your spell library contained the following spells:

 Spells                   Type           Power      Damage    Failure   Level
 Summon Guardian Golem    Hex/Summ       2%         N/A       56%         3


Dungeon Overview and Level Annotations

Branches:
Dungeon (1/15)

Altars:


Innate Abilities, Weirdness & Mutations

Your touch may inflict minor irresistible damage on your foes.


Message History

You slash the jackal!
You kill the jackal!
You closely miss the jackal. The jackal barely misses you.
The jackal bites you.
You closely miss the jackal. The jackal barely misses you.
You hit the jackal.
The jackal is almost dead.
The jackal bites you. The jackal misses you.
You hit the jackal.
You kill the jackal!
A jackal is nearby!
A goblin comes into view. It is wielding a +0 dagger.
You see here a jackal corpse.
You completely miss the jackal. The jackal bites you.
The jackal barely misses you.
You barely miss the jackal. The jackal bites you. The jackal barely misses you.
You closely miss the jackal. The jackal barely misses you.
The goblin shouts!
You slash the jackal!
You kill the jackal!
A kobold comes into view. It is wielding a +0 short sword.
The goblin closely misses you.
You see here a jackal corpse.
The kobold shouts!
You hit the goblin.
The goblin is heavily wounded.
The goblin hits you with a +0 dagger.
You hit the goblin.
You kill the goblin!
Your Fighting skill increases to level 1!
You see here a +0 dagger.
You see here a jackal corpse.
You see here a jackal corpse.
The kobold hits you with a +0 short sword.
You hit the kobold.
You kill the kobold!
You have reached level 2!
Your demonic ancestry asserts itself...
Your hands begin to faintly glow with unholy energy.
Are you sure you want to abandon this character and quit the game? (Confirm with "yes".)

..#......###
........#.##
..#.........#
.......#.##
#.......### ##
#.)....... ..#
##†#...### #.# #)# .##
#.# #@# # #.# ##'##
#######.# ##...##
#.......#
##.....###.####..#
##.......##.#.....#
#.........#.#....#####
+.....................
#..........##....#####
............##.#.####


There were no monsters in sight!

Vanquished Creatures
  An endoplasm (D:1)
  A goblin (D:1)
  3 jackals (D:1)
  A kobold (D:1)
6 creatures vanquished.

Notes
Turn   | Place    | Note
-------+----------+-------------------------------------------
     0 | D:1      | Chiseanne the Demonspawn Wanderer began the quest for the
                  | Orb.
     0 | D:1      | Chiseanne set off with the following items: a +2 falchion,
                  | 6 boomerangs, a +0 dagger, a potion of curing, a +0 robe;
                  | and the following spell memorised: Summon Small Mammal; and
                  | the following spells available to memorise: Summon Guardian
                  | Golem.
     0 | D:1      | Reached XP level 1. HP: 13/13 MP: 2/2
    95 | D:1      | Reached skill level 1 in Fighting
   103 | D:1      | Gained mutation: Your touch may inflict minor irresistible
                  | damage on your foes. [demonic ancestry]
   103 | D:1      | Reached XP level 2. HP: 9/21 MP: 3/3
   155 | D:1      | Quit the game

Illustrated notes

Levels and vault maps discovered:
D:1:      scummos_arrival_forest, layout_loops_corners,
          minmay_tree_intersection, corexii_item_surrounded_by_moat

Skill      XL: |  1 |
---------------+----+-----
Fighting       | 1 |  1.0
Long Blades    | |  4.5
Throwing       | |  1.0
Dodging        | |  1.5
Spellcasting   | |  1.0
Summonings     | |  2.0

Action                     || total
---------------------------++-------
  Melee: Falchion          ||    15
   Stab: Sleeping          ||     1
  Dodge: Dodged            ||     9
